 Dungeon Crawl Stone Soup version 0.18.1-50-g88ac8fd (webtiles) character file.

13 Korbac the Ogre Mage (level 2, 0/26 HPs)
             Began as an Ogre Wizard on Oct 16, 2016.
             Slain by a goblin
             ... wielding a +0 club
              (3 damage)
             ... on level 1 of the Dungeon.
             The game lasted 00:04:37 (563 turns).

Korbac the Ogre Mage (Ogre Wizard)                   Turns: 563, Time: 00:04:38

Health: 0/26       AC:  3    Str: 11    XL:     2   Next: 37%
Magic:  1/7        EV: 10    Int: 17    God:
Gold:   21         SH:  0    Dex:  8    Spells: 2 memorised, 6 levels left

rFire  + . .     SeeInvis .     e - +0 dagger
rCold  + . .     Gourm    .     a - +0 robe
rNeg   . . .     Faith    .     (no shield)
rPois  +         Spirit   .     b - +0 hat
rElec  +         Dismiss  .     (no cloak)
rCorr  +         Reflect  .     (gloves unavailable)
SustAt .         Harm     .     (boots unavailable)
MR     .....                    (no amulet)
Stlth  +.........               (no ring)
                                (no ring)

@: resistant, very slightly contaminated, not resistant to hostile enchantments,
very unstealthy
A: unfitting armour, tough skin 1
a: no special abilities


You were on level 1 of the Dungeon.
You were not hungry.

You visited 1 branch of the dungeon, and saw 1 of its levels.

You collected 21 gold pieces.

Inventory:

Hand Weapons
 e - a +0 dagger (weapon)
Armour
 a - a +0 robe (worn)
 b - a +0 hat (worn)
Scrolls
 g - a scroll of remove curse {unknown}
 h - a scroll of identify {unknown}
Books
 c - a book of Minor Magic

   Spells                             Type                      Level
   a - Magic Dart                     Conjuration                  1
   b - Blink                          Translocation                2
   c - Call Imp                       Summoning                    2
   d - Repel Missiles                 Charms/Air                   2
   e - Slow                           Hexes                        2
   f - Conjure Flame                  Conjuration/Fire             3
   g - Mephitic Cloud                 Conjuration/Poison/Air       3
Comestibles
 d - 2 bread rations


   Skills:
 * Level 0.6 Fighting
 * Level 0.1 Short Blades
 + Level 2.0 Dodging
 - Level 1.5 Stealth
 * Level 4.0 Spellcasting
 * Level 0.7 Conjurations
 + Level 0.6 Summonings
   Level 0.6 Translocations


You had 6 spell levels left.
You knew the following spells:

 Your Spells              Type           Power        Failure   Level  Hunger
a - Magic Dart            Conj           #...         14%         1    None
b - Call Imp              Summ           #.......     21%         2    ##.....


Dungeon Overview and Level Annotations

Branches:
Dungeon (1/15)

Altars:


Innate Abilities, Weirdness & Mutations

You are too large for most types of armour.
You have tough skin (AC +1).


Message History

The bat closely misses you.
You barely miss the bat.
The bat is heavily wounded.
The bat barely misses you.
You hit the goblin.
The goblin is severely wounded.
The goblin barely misses you.
You hit the goblin but do no damage.
The goblin is heavily wounded.
The bat barely misses you. The goblin barely misses you.
You hit the bat but do no damage.
The bat is moderately wounded.
The bat barely misses you. The goblin hits you with a club.
* * * LOW HITPOINT WARNING * * *
You barely miss the goblin.
The goblin is heavily wounded.
The bat hits you.
* * * LOW HITPOINT WARNING * * *
The goblin hits you with a club.
You die...

####g##...#(###
#.##...#....
#.g#...#..##
##.#...#..# #.#...#†.#
#.#...#..# #########
#.#...#..# #.......#
#.....#..# #....b@.#
#.....# #.$...g.#
#...#.# #.......#
#.#.#.#.#
........(.#####(.......
..............((......#
..............(.......#
....####..............#
.... #..............# #
'## #............... .


You could see a goblin and a bat.

Vanquished Creatures
  2 bats (D:1)
  2 giant cockroaches (D:1)
  3 goblins (D:1)
  A hobgoblin (D:1)
  A rat (D:1)
  14 toadstools (D:1)
23 creatures vanquished.

Vanquished Creatures (collateral kills)
  3 kobolds (D:1)
3 creatures vanquished.

Grand Total: 26 creatures vanquished

Notes
Turn   | Place    | Note
--------------------------------------------------------------
     0 | D:1      | Korbac the Ogre Wizard began the quest for the Orb.
     0 | D:1      | Reached XP level 1. HP: 16/16 MP: 5/5
   137 | D:1      | Reached XP level 2. HP: 15/26 MP: 1/6
   312 | D:1      | Learned a level 2 spell: Call Imp
   532 | D:1      | Reached skill level 4 in Spellcasting
   563 | D:1      | Slain by a goblin

Skill      XL: |  1  2 |
---------------+-------+-----
Dodging        | 2 |  2.0
Spellcasting   | 4 |  4.0
Fighting       | |  0.6
Short Blades   | |  0.1
Stealth        | |  1.5
Conjurations   | |  0.7
Summonings     | |  0.6
Translocations | |  0.6

Action                   || total
-------------------------++-------
Melee: Unarmed           ||    43
       Dagger            ||    40
 Cast: Magic Dart        ||    15
       Call Imp          ||     3
  Use: Potion            ||     1
Armor: Robe              ||    35
Dodge: Dodged            ||    57
